 Dungeon Crawl Stone Soup version 0.17.2 (webtiles) character file.

80 Goblin1989 the Cudgeler (level 4, 0/30 HPs)
             Began as a Demonspawn Wanderer on July 10, 2016.
             Slain by a worm (11 damage)
             ... on level 2 of the Dungeon.
             The game lasted 00:06:41 (1966 turns).

Goblin1989 the Cudgeler (Demonspawn Wanderer)       Turns: 1966, Time: 00:06:41

Health: 0/30       AC:  4    Str: 13    XL:     4   Next: 18%
Magic:  8/8        EV: 10    Int: 16    God:
Gold:   94         SH:  0    Dex: 10    Spells: 2 memorised, 5 levels left

rFire  . . .     SeeInvis .     a - +0 mace
rCold  . . .     Clarity  .     e - +0 leather armour (curse)
rNeg   . . .     SustAt   .     (no shield)
rPois  .         Gourm    .     l - +0 helmet
rElec  .         Spirit   .     (no cloak)
rCorr  .         Warding  .     (no gloves)
rMut   .         Stasis   .     (no boots)
MR     .....                    (no amulet)
Stlth  +.........               (no ring)
                                (no ring)

@: not resistant to hostile enchantments, very unstealthy
A: hooves 1, powered by pain 2
a: no special abilities


You were on level 2 of the Dungeon.
You were very hungry.

You visited 1 branch of the dungeon, and saw 2 of its levels.

You collected 94 gold pieces.

Inventory:

Hand Weapons
 a - a +0 mace (weapon)
Armour
 e - a cursed +0 leather armour (worn)
 k - a +0 ring mail
 l - a +0 helmet (worn)
Jewellery
 n - an uncursed ring of protection from cold {unknown}
Wands
 i - a wand of random effects (20)
Scrolls
 c - 2 scrolls of teleportation
 d - a scroll of remove curse {unknown}
 m - 2 scrolls of immolation {unknown}
 o - a scroll of identify {unknown}
 q - a scroll of noise {unknown}
 s - a scroll of magic mapping {unknown}
Potions
 g - a potion of might
 p - a potion of flight
 r - 2 potions of curing
Books
 b - Usein's Grimoire of Bewitchment

   Spells                             Type                      Level
   a - Corona                         Hexes                        1
   b - Confuse                        Hexes                        3
 j - a book of Necromancy

   Spells                             Type                      Level
   a - Pain                           Necromancy                   1
   b - Animate Skeleton               Necromancy                   1
   c - Vampiric Draining              Necromancy                   3
   d - Regeneration                   Charms/Necromancy            3
   e - Animate Dead                   Necromancy                   4
   f - Control Undead                 Necromancy                   4
Comestibles
 f - 2 bread rations
 h - a meat ration


   Skills:
 + Level 3.5 Maces & Flails
 - Level 3.0 Spellcasting
 - Level 2.1 Necromancy
   Level 1.0 Transmutations
   Level 2.0 Poison Magic
 - Level 2.0 Evocations


You had 5 spell levels left.
You knew the following spells:

 Your Spells              Type           Power        Failure   Level  Hunger
a - Animate Skeleton      Necr           N/A          12%         1    #......
b - Regeneration          Chrm/Necr      #.........   54%         3    ###....


Dungeon Overview and Level Annotations

Branches:
Dungeon (2/15)

Altars:


Innate Abilities, Weirdness & Mutations

You have large cloven feet.
You sometimes gain power by taking damage.


Message History

You are too injured to fight recklessly!
You are too injured to fight recklessly!
You are too injured to fight recklessly!
You are too injured to fight recklessly!
You are too injured to fight recklessly!
You are too injured to fight recklessly!
You closely miss the quokka. The quokka bites you.
The quokka closely misses you.
You take 2 damage, and have 16/30 hp.
You hit the quokka but do no damage. You kick the quokka, but do no damage.
The quokka barely misses you.
You barely miss the quokka. You kick the quokka, but do no damage.
The quokka bites you but does no damage.
You miss the quokka. The quokka bites you. The quokka bites you.
You take 6 damage, and have 11/30 hp.
You hit the quokka.
You kill the quokka!
You barely miss the worm. You thump the worm! Your kick misses the worm.
The worm bites you!
You die...

### #..
#.#######...
#.##........
#.##.##
#.#.#.## ###
##..###@#
##.###..##
##w?.....
##......##
.......
#.....#..#
......>
####.###.##..#
###...# .....#
#.# .#.# ...#
.###.# #.#
.##.. ...
.###.....# .#
### ##
..######## ..


You could see a worm.

Vanquished Creatures
  Ijyb (D:2)
  A gnoll (D:1)
  2 adders (D:2)
  An ooze (D:1)
  A worm (D:2)
  2 goblins (D:1)
  A hobgoblin (D:1)
  A quokka (D:2)
  5 bats
  A giant cockroach (D:1)
  A giant gecko (D:1)
  A giant newt (D:2)
  3 kobolds
  A rat (D:1)
22 creatures vanquished.

Vanquished Creatures (collateral kills)
  An adder (D:2)
  A quokka (D:2)
2 creatures vanquished.

Grand Total: 24 creatures vanquished

Notes
Turn   | Place    | Note
--------------------------------------------------------------
     0 | D:1      | Goblin1989 the Demonspawn Wanderer began the quest for the Orb.
     0 | D:1      | Goblin1989 set off with: a book of Necromancy, Usein's Grimoire of Bewitchment, a scroll of teleportation, a +0 robe, a +0 club, a bread ration
     0 | D:1      | Reached XP level 1. HP: 13/13 MP: 4/4
     0 | D:1      | Identified Usein's Grimoire of Bewitchment
     2 | D:1      | Learned a level 1 spell: Animate Skeleton
   322 | D:1      | Reached skill level 1 in Maces & Flails
   322 | D:1      | Gained mutation: You have large cloven feet. [demonic ancestry]
   322 | D:1      | Reached XP level 2. HP: 17/19 MP: 3/6
  1099 | D:2      | Gained mutation: You sometimes gain a little power by taking damage. [demonic ancestry]
  1099 | D:2      | Reached XP level 3. HP: 10/24 MP: 7/7
  1561 | D:2      | Noticed Ijyb
  1574 | D:2      | Killed Ijyb
  1618 | D:2      | Gained mutation: You sometimes gain power by taking damage. [demonic ancestry]
  1618 | D:2      | Reached XP level 4. HP: 16/30 MP: 8/8
  1624 | D:2      | Learned a level 3 spell: Regeneration
  1794 | D:2      | Your ally Ijyb died
  1966 | D:2      | Slain by a worm

Action                   |  1- 3 |  4- 6 || total
-------------------------+-------+-------++-------
Melee: Club              |    15 |       ||    15
       Mace              |    63 |    18 ||    81
 Cast: Animate Skeleton  |     6 |       ||     6
  Use: Potion            |     3 |       ||     3
  Eat: Chunk             |     2 |       ||     2
